 Dungeon Crawl Stone Soup version 0.22.1-2-g9c5b331 (webtiles) character file.

34 myga the Charmwright (level 3, -1/18 HPs)
             Began as a Spriggan Skald on Nov 26, 2018.
             Slain by an adder (4 damage)
             ... on level 2 of the Dungeon.
             The game lasted 00:14:02 (1400 turns).

myga the Charmwright (Spriggan Skald)               Turns: 1400, Time: 00:14:03

Health: -1/18      AC:  2    Str:  8    XL:     3   Next: 14%
Magic:  4/8        EV: 19    Int: 14    God:
Gold:   81         SH:  0    Dex: 15    Spells: 3/8 levels left

rFire    . . .     SeeInvis +   a - +0 falchion
rCold    . . .     Gourm    .   (shield restricted)
rNeg     . . .     Faith    .   b - +0 robe
rPois    .         Spirit   .   (helmet restricted)
rElec    .         Reflect  .   (no cloak)
rCorr    .         Harm     .   (gloves unavailable)
MR       .....                  (boots unavailable)
Stlth    ++........             (no amulet)
HPRegen  0.06/turn              (no ring)
MPRegen  0.11/turn              (no ring)

@: lethally poisoned (-1 -> -9), infused, very slightly contaminated, very quick
A: very small, unfitting armour, see invisible, herbivore, speed 3, slow
metabolism 2
a: no special abilities


You were on level 2 of the Dungeon.
You were not hungry.

You visited 1 branch of the dungeon, and saw 2 of its levels.

You collected 81 gold pieces.

Inventory:

Hand Weapons
 a - a +0 falchion (weapon)
Missiles
 e - 54 stones (quivered)
 h - 23 arrows
Armour
 b - a +0 robe (worn)
Scrolls
 j - a scroll of identify
Comestibles
 d - 5 rations


   Skills:
 + Level 1.7 Fighting
 + Level 2.1 Long Blades
 + Level 0.7 Throwing
 + Level 3.7 Dodging
 + Level 0.5 Stealth
 + Level 3.0 Spellcasting
 + Level 4.8 Charms


You had 3 spell levels left.
You knew the following spells:

 Your Spells              Type           Power        Failure   Level  Hunger
a - Infusion              Chrm           ###.         3%          1    #......
b - Song of Slaying       Chrm           ###.....     4%          2    ##.....
c - Shroud of Golubria    Chrm/Tloc      #.........   12%         2    ##.....

Your spell library contained the following spells:

 Spells                   Type           Power        Failure   Level  Hunger
 Regeneration             Chrm/Necr      #.........   24%         3    ###....
 Spectral Weapon          Hex/Chrm       #.......     24%         3    ###....


Dungeon Overview and Level Annotations

Branches:
Dungeon (2/15)

Altars:


Innate Abilities, Weirdness & Mutations

You are very small and have problems with some larger weapons.
You are too small for most types of armour.
You have supernaturally acute eyesight. (SInv)
You are a herbivore.
You cover ground extremely quickly.
You need to consume almost no food.


Message History

Casting: Shroud of Golubria (safe; 12% risk of failure)
Confirm with . or Enter, or press ? or * to list all spells.
You begin infusing your attacks with magical energy.
The adder barely misses you.
A goblin comes into view.
The adder closely misses you.
You closely miss the adder.
The adder is moderately wounded.
* * * LOW HITPOINT WARNING * * *
You feel sick.
The goblin shouts!
The adder barely misses you.
You aren't carrying any potions.
Okay, then.
Casting: Infusion (safe; 3% risk of failure)
Confirm with . or Enter, or press ? or * to list all spells.
You renew your shroud.
* * * LOW HITPOINT WARNING * * *
You feel sick. The adder barely misses you. The adder bites you.
You die...

#(##.#..#
########.......#
#.....#..(..##..
#............#
#.....(......#
#...............
#..g..#.....##.#
###S####.........
# #@# ####.###
.### #.######.## #
..# #......>.#
#.#.# #.######.#
##.#.# #.#
#.###.....
#.########...###..
#...........###...
#.#.##.#....)...#.
#.#.##.#.##.###...


You could see an adder and a hobgoblin.

Vanquished Creatures
  An ooze (D:2)
  3 leopard geckos (D:1)
  A giant cockroach (D:1)
  2 goblins (D:1)
  5 hobgoblins
  4 jackals (D:2)
  3 kobolds
  2 bats
  2 frilled lizards (D:1)
  2 rats
25 creatures vanquished.

Notes
Turn   | Place    | Note
-------+----------+-------------------------------------------
     0 | D:1      | myga the Spriggan Skald began the quest for the Orb.
     0 | D:1      | Reached XP level 1. HP: 10/10 MP: 5/5
   352 | D:1      | Reached XP level 2. HP: 14/14 MP: 6/6
   579 | D:1      | Learned a level 2 spell: Song of Slaying
   582 | D:1      | Learned a level 2 spell: Shroud of Golubria
  1311 | D:2      | Reached XP level 3. HP: 16/18 MP: 8/8
  1400 | D:2      | Slain by an adder

Skill      XL: |  1  2 |
---------------+-------+-----
Spellcasting   | 3 |  3.0
Long Blades    | 2 |  2.1
Fighting       | |  1.7
Throwing       | |  0.7
Dodging        | |  3.7
Stealth        | |  0.5
Charms         | |  4.8

Action                   || total
-------------------------++-------
Melee: Falchion          ||    88
Throw: Stone             ||    49
 Cast: Song of Slaying   ||     3
       Shroud of Golubri ||     2
       Infusion          ||     1
  Use: Scroll            ||     5
Armor: Robe              ||     5
Dodge: Dodged            ||    87
       Rpst.: Falchion   ||    23
